 Dungeon Crawl Stone Soup version 0.30.1-9-gdf580d7c3d (webtiles) character file.

Game seed: 4259446338569497155

6645 Peloso the Carver (level 10, 0/90 HPs)
             Began as a Minotaur Fighter on Oct 5, 2023.
             Was an Elder of Okawaru.
             Killed by divine providence
             ... invoked by a daeva
              (13 damage)
             ... on level 2 of the Abyss.
             The game lasted 00:21:06 (10275 turns).

Peloso the Carver (Minotaur Fighter)               Turns: 10275, Time: 00:21:07

Health: 0/90       AC: 15    Str: 22    XL:     10   Next: 72%
Magic:  9/9        EV: 14    Int:  5    God:    Okawaru [****..]
Gold:   778        SH: 10    Dex: 13    Spells: 9/9 levels left

rFire   . . .        a - +0 long sword
rCold   . . .        d - +0 kite shield
rNeg    . . .        x - +0 chain mail
rPois   +            (helmet restricted)
rElec   .            J - +2 cloak {rCorr}
rCorr   +            (no gloves)
SInv    .            (no boots)
Will    +....        h - amulet of the acrobat Stlth
                     g - ring of Lucidity {rPois rCorr EV+5}
HPRegen 0.35/turn    t - ring of willpower
MPRegen 0.11/turn

%: acrobat
@: mighty, glowing, unable to drink
A: horns 2, retaliatory headbutt, inability to drink after injury 1
a: Renounce Religion, Heroism, Finesse


You were on level 2 of the Abyss.
You worshipped Okawaru.
Okawaru was greatly pleased with you.
You visited 2 branches of the dungeon, and saw 11 of its levels.
You visited the Abyss 1 time.
You also visited: Ossuary.

You collected 830 gold pieces.
You spent 52 gold pieces at shops.

Inventory:

Hand Weapons
 a - a +0 long sword (weapon)
 b - a +1 dagger of flaming
Missiles
 E - a throwing net (quivered)
Armour
 c - a +0 buckler
 d - a +0 kite shield (worn)
 x - a +0 chain mail (worn)
 J - a +2 cloak of preservation (worn)
 L - +0 swamp dragon scales
Jewellery
 g - the ring of Lucidity (left hand) {rPois rCorr EV+5}
   (You found it on level 2 of the Dungeon)

   [ring of evasion]

   EV:        It affects your evasion (+5).
   rPois:     It protects you from poison.
   rCorr:     It protects you from acid and corrosion.
 h - an amulet of the acrobat (around neck)
 k - an amulet of magic regeneration
 t - a ring of willpower (right hand)
 D - a +5 ring of evasion
Wands
 u - a wand of roots (13)
 I - a wand of flame (9)
 M - a wand of mindburst (2)
Scrolls
 f - a scroll of vulnerability {unknown}
 i - 4 scrolls of enchant armour
 l - 2 scrolls of fear
 m - 4 scrolls of enchant weapon
 o - a scroll of acquirement
 q - 2 scrolls of torment
 r - a scroll of brand weapon {unknown}
 s - a scroll of teleportation
 y - a scroll of blinking {unknown}
 A - a scroll of poison {unknown}
 B - 2 scrolls of amnesia {unknown}
 F - a scroll of fog {unknown}
 G - 2 scrolls of magic mapping {unknown}
 K - a scroll of silence {unknown}
 N - a scroll of identify
 O - a scroll of immolation {unknown}
 P - a scroll of noise {unknown}
Potions
 e - 2 potions of haste
 j - 2 potions of mutation
 n - 2 potions of lignification {unknown}
 p - 2 potions of heal wounds
 v - a potion of magic {unknown}
 w - 3 potions of flight {unknown}
 C - a potion of degeneration {unknown}


   Skills:
 + Level 8.4 Fighting
 + Level 12.3 Long Blades
 + Level 10.2 Armour
 + Level 4.2 Dodging
 + Level 0.6 Stealth
 + Level 8.7 Shields
 + Level 1.0 Invocations
 + Level 0.4 Evocations


You had 9 spell levels left.
You didn't know any spells.
Your spell library contained the following spells:

 Spells                   Type           Power      Damage    Failure   Level
 Foxfire                  Conj/Fire      0%         2x1d4     99%         1
 Freeze                   Ice            0%         1d3       99%         1
 Kiss of Death            Conj/Necr      0%         2d5       99%         1
 Shock                    Conj/Air       0%         1d3       99%         1
 Sublimation of Blood     Necr           0%         N/A       100%        2
 Confusing Touch          Hex            0%         N/A       100%        3
 Frozen Ramparts          Ice            0%         1d1       100%        3
 Hailstorm                Conj/Ice       0%         3d3       100%        3
 Swiftness                Air            0%         N/A       100%        3
 Airstrike                Air            0%         2d(0-16)  100%        4
 Dispel Undead            Necr           0%         3d6       100%        4
 Ice Form                 Ice/Tmut       0%         N/A       100%        4
 Petrify                  Tmut/Erth      0%         N/A       100%        4
 Fireball                 Conj/Fire      0%         3d3       100%        5
 Irradiate                Conj/Tmut      0%         3d11      100%        5
 Plasma Beam              Fire/Air       0%         2x1d11    100%        6
 Starburst                Conj/Fire      0%         6d3       100%        6
 Simulacrum               Ice/Necr       Unusable   N/A       N/A         6

Dungeon Overview and Level Annotations

Branches:
Dungeon (10/15)            Temple (1/1) D:4            Lair (0/5) D:9
    Orc (0/2) D:9         Ossuary (visited)

Altars:
Ashenzari
Cheibriados
Dithmenos
Elyvilon
Fedhas
Gozag
Hepliaklqana
Kikubaaqudgha
Nemelex Xobeh
Okawaru
Qazlal
Ru
Trog
Uskayaw
Wu Jian
Xom
Yredelemnul
The Shining One

Shops:
D:4 (   D:6 !

Annotations:
D:3 3 runed translucent doors, Tamtam's ghost, weakling DgHu
D:10 Psyche; Sonja


Innate Abilities, Weirdness & Mutations

You have a pair of horns on your head.
You reflexively headbutt those who attack you in melee.
You occasionally lose the ability to drink potions when taking damage.


Message History

You slash the smoke demon!
The smoke demon is heavily wounded.
The daeva calls down the wrath of the Shining One upon you.
The Shining One smites you!
The smoke demon hits you but does no damage. x2
You block the smoke demon's attack.
You hit the smoke demon.
The smoke demon is severely wounded.
The smoke demon gestures at you.
The ball of steam hits you but does no damage.
You hit the smoke demon. You headbutt the smoke demon.
The smoke demon is almost dead.
You are engulfed in a cloud of scalding steam.
The smoke demon misses you. The smoke demon barely misses you. x2
You feel very mighty all of a sudden.
You are engulfed in a cloud of scalding steam.
The daeva calls down the wrath of the Shining One upon you.
The Shining One smites you! You block the smoke demon's attack.
The smoke demon misses you. You block the smoke demon's attack.
You slash the smoke demon!
You kill the smoke demon!
Okawaru is honoured by your kill.
You are engulfed in a cloud of scalding steam.
The daeva blocks your attack.
You are engulfed in a cloud of scalding steam.
The daeva calls down the wrath of the Shining One upon you.
The Shining One smites you! The daeva blocks your attack.
The daeva calls down the wrath of the Shining One upon you.
The Shining One smites you!
You feel threatened and lose the ability to drink potions!
* * * LOW HITPOINT WARNING * * *
You closely miss the daeva. You block the daeva's attack.
The daeva hits you with a +5 scimitar of holy wrath!
* * * LOW HITPOINT WARNING * * *
You completely miss the daeva. The daeva blocks your attack. x2
The daeva calls down the wrath of the Shining One upon you.
The Shining One smites you!
You die...

## . ## #..# #
##.# ## #.# #
## ###.># .
#.#.. #.#
#..#...###.###
###.# #.#.# .#
#@.#.. .## #.#
#A###...#.#
.## #.. ..#. .
. .. ##.
.###.#.#.## #
.# .#. .. .
.... . .. #
.#.. ### .# #.
. . # .#.#..
.# . ##


You could see a daeva.

Vanquished Creatures
  A smoke demon (Abyss:2)
  Maggie (D:8)
  A troll (D:9)
  2 hornets
  A vampire (D:9)
  A shadow (D:9)
  A wyvern (D:9)
  6 yaks (D:9)
  A steam dragon (D:9)
  A neqoxec (Abyss:2)
  A water moccasin (D:7)
  An orc warrior (D:8)
  3 ice beasts
  A sky beast (D:8)
  2 wolves (D:9)
  3 centaurs
  2 ogres
  2 phantoms (D:9)
  A kobold brigand (D:6)
  An elf zombie (Ossuary)
  2 bullfrogs
  2 elf skeletons (D:4)
  A gnoll sergeant (D:5)
  4 scorpions
  4 wights
  5 killer bees (D:9)
  3 electric eels (D:9)
  A quasit (D:7)
  13 hounds
  A gnoll bouda (D:6)
  3 jellies
  4 orc priests
  Crazy Yiuf (D:3)
  2 human skeletons (D:4)
  3 iguanas
  2 orc wizards (D:7)
  8 ogre zombies (D:9)
  2 mummies (Ossuary)
  9 gnolls
  5 adders
  7 shadow imps
  6 white imps
  An ufetubus (D:5)
  2 adder zombies (D:3)
  A worm (D:2)
  33 orcs
  8 ball pythons
  4 bats
  4 endoplasms
  5 giant cockroaches
  A gnoll zombie (Ossuary)
  6 goblins
  6 hobgoblins
  4 jackals
  2 quokkas
  3 goblin skeletons (D:9)
  8 goblin zombies
  A hobgoblin skeleton (D:9)
  5 hobgoblin zombies
  7 kobolds
  2 orc skeletons (D:9)
  20 orc zombies
  4 rats
248 creatures vanquished.

Vanquished Creatures (others)
  A hound (D:6)
  An orc (D:8)
2 creatures vanquished.

Grand Total: 250 creatures vanquished

Notes
Turn   | Place    | Note
-------+----------+-------------------------------------------
     0 | D:1      | Peloso the Minotaur Fighter began the quest for the Orb.
     0 | D:1      | Reached XP level 1. HP: 19/19 MP: 0/0
   146 | D:1      | Reached XP level 2. HP: 27/27 MP: 1/1
   398 | D:1      | Reached skill level 3 in Long Blades
   716 | D:2      | Identified the ring of Lucidity {rPois rCorr EV+5}
   755 | D:2      | Reached XP level 3. HP: 32/33 MP: 2/2
   933 | D:2      | Found a faded altar of an unknown god.
  1585 | D:3      | Found a runed translucent gate.
  1585 | D:3      | Found a runed translucent gate.
  1585 | D:3      | Found a runed translucent gate.
  1585 | D:3      | Noticed Tamtam's ghost (weakling DgHu)
  1587 | D:3      | Found a basalt altar of Yredelemnul.
  1719 | D:3      | Found a white marble altar of Elyvilon.
  1817 | D:3      | Reached skill level 4 in Long Blades
  1817 | D:3      | Reached XP level 4. HP: 40/40 MP: 3/3
  1980 | D:3      | You fall into a shaft and drop 2 floors!
  1980 | D:5      | Entered Level 5 of the Dungeon
  1981 | D:5      | Noticed a scorpion
  1988 | D:5      | Killed a scorpion
  1989 | D:5      | Reached XP level 5. HP: 46/46 MP: 4/4
  2006 | D:5      | Reached skill level 5 in Long Blades
  2040 | D:5      | Noticed a centaur
  2045 | D:5      | Killed a centaur
  2046 | D:5      | Reached XP level 6. HP: 53/53 MP: 5/5
  2082 | D:5      | Reached skill level 6 in Long Blades
  2082 | D:5      | Reached skill level 1 in Dodging
  2249 | D:5      | Reached skill level 5 in Armour
  2472 | D:4      | Reached XP level 7. HP: 54/60 MP: 6/6
  2583 | D:4      | Found a staircase to the Ecumenical Temple.
  2612 | D:4      | Reached skill level 5 in Fighting
  2612 | D:4      | Reached skill level 7 in Long Blades
  2643 | D:4      | Found a sand-covered staircase.
  2648 | Ossuary  | Entered an ossuary
  3142 | D:3      | Found an ancient bone altar of Kikubaaqudgha.
  3142 | D:3      | Found a shadowy altar of Dithmenos.
  3185 | D:3      | Found a runed translucent door.
  3186 | D:3      | Noticed Crazy Yiuf
  3576 | Temple   | Entered the Ecumenical Temple
  3617 | Temple   | Became a worshipper of Warmaster Okawaru
  3666 | D:4      | Found Juzupp's Weapon Boutique.
  4385 | D:5      | Reached skill level 8 in Long Blades
  4511 | D:5      | Reached XP level 8. HP: 64/68 MP: 7/7
  4571 | D:5      | Reached skill level 5 in Shields
  4680 | D:5      | Found a hide-covered altar of Uskayaw.
  4837 | D:6      | Reached * piety under Okawaru
  4846 | D:6      | Reached skill level 9 in Long Blades
  4878 | D:6      | Found a shimmering altar of Xom.
  5160 | D:6      | Found Voahya's Distillery.
  5164 | D:6      | Bought a potion of might for 52 gold pieces
  5739 | D:6      | Identified a scroll of acquirement
  5960 | D:7      | Noticed a hornet
  5979 | D:7      | Killed a hornet
  5980 | D:7      | Reached XP level 9. HP: 53/75 MP: 5/8
  6210 | D:7      | Reached ** piety under Okawaru
  6211 | D:7      | Reached skill level 10 in Long Blades
  6477 | D:7      | Found a bloodstained altar of Trog.
  6630 | D:7      | Found a snail-covered altar of Cheibriados.
  6727 | D:7      | Found a sparkling altar of Nemelex Xobeh.
  6731 | D:7      | Found a sacrificial altar of Ru.
  6735 | D:7      | Found a blossoming altar of Fedhas.
  7124 | D:3      | Killed Crazy Yiuf
  7631 | D:8      | Noticed Maggie
  7653 | D:8      | Killed Maggie
  7856 | D:8      | Found a hazy altar of Hepliaklqana.
  8508 | D:9      | Reached skill level 11 in Long Blades
  8618 | D:9      | Found a staircase to the Orcish Mines.
  8680 | D:9      | Reached *** piety under Okawaru
  8681 | D:9      | Reached XP level 10. HP: 73/88 MP: 9/9
  8931 | D:9      | Reached skill level 12 in Long Blades
  9120 | D:9      | Found a staircase to the Lair.
  9226 | D:9      | HP: 2/88 [something (6)]
  9518 | D:9      | Found a stormy altar of Qazlal.
  9582 | D:9      | Reached skill level 10 in Armour
 10071 | D:10     | Entered Level 10 of the Dungeon
 10103 | D:9      | Reached **** piety under Okawaru
 10173 | D:10     | Noticed Psyche
 10176 | D:10     | Noticed Sonja
 10181 | Abyss:2  | Cast into level 2 of the Abyss (Sonja)
 10217 | Abyss:2  | Gained mutation: You occasionally lose the ability to drink
                  | potions when taking damage. [a neqoxec]
 10244 | Abyss:2  | Reached skill level 1 in Invocations
 10261 | Abyss:2  | Noticed a smoke demon
 10263 | Abyss:2  | Noticed a daeva
 10270 | Abyss:2  | Killed a smoke demon
 10275 | Abyss:2  | Killed from afar by a daeva

Illustrated notes

Levels and vault maps discovered:
D:1:      minmay_arrival_pointy, layout_basic, minmay_heptomino_d4
D:2:      layout_loops_ring, hellmonk_ecumenical_altar_defaced_shrine
D:3:      layout_loops_corners, elyvilon_altar_5,
          nicolae_yredelemnul_ghost_church, gammafunk_temple_overflow_elements,
          uniq_crazy_yiuf_cottage
D:4:      layout_loops_corners, minmay_temple_entry_hall,
          nicolae_ossuary_entry_catacombs, serial_shops,
          nicolae_shop_tiny_real_fake_doors
D:5:      layout_cave_pools, kennysheep_little_box,
          chequers_serial_rivers_micro_b
D:6:      layout_basic, xom_confusion_cloud, serial_shops,
          nicolae_shop_back_alley_shop
D:7:      layout_basic, trog_three_pillars_becter,
          mainiacjoe_overflow_small_starburst, grunt_temple_overflow_diamond,
          serial_demonic, serial_demonic_f, serial_demonic_a, serial_demonic_f,
          serial_demonic_e, minmay_holes
D:8:      layout_layer_cave, mainiacjoe_overflow_alcove_4,
          minmay_misc_feat_cross, nicolae_eternal_life, minmay_strange_pillars,
          uniq_maggie
D:9:      layout_roguey, lemuel_coloured_pillars_altar, erik_lair_island,
          zombieorc2_lemuel
D:10:     layout_long_grid, zin_statuary, uniq_sonja, uniq_snorg, uniq_urug,
          uniq_psyche
Temple:   nicolae_temple_godpark
Abyss:2:  base:
Temple

Skill      XL: |  1  2  3  4  5  6  7  8  9 10 |
---------------+-------------------------------+-----
Shields        | 4 5 7 8 |  8.7
Long Blades    | 3 4 5 6 8 9 11 12 | 12.3
Armour         | 4 5 6 7 8 10 | 10.2
Fighting       | 4 5 7 8 |  8.4
Dodging        | 1 2 3 4 |  4.2
Invocations    | 1 |  1.0
Stealth        | |  0.6
Evocations     | |  0.4

Action                     |  1- 3 |  4- 6 |  7- 9 | 10-12 || total
---------------------------+-------+-------+-------+-------++-------
  Melee: Long sword        |    86 |    58 |   486 |   218 ||   848
         Headbutt          |     8 |    16 |    98 |    53 ||   175
 Invoke: Heroism           |       |       |     2 |     4 ||     6
  Evoke: Wand              |       |       |       |    13 ||    13
    Use: Potion            |     2 |       |     1 |     4 ||     7
         Scroll            |     3 |       |     2 |     3 ||     8
 Armour: Scale mail        |    40 |    19 |    17 |       ||    76
         Chain mail        |       |       |    94 |    67 ||   161
  Dodge: Dodged            |    33 |    56 |   285 |   113 ||   487
  Block: Buckler           |    15 |    17 |    90 |       ||   122
         Kite shield       |       |       |    47 |   117 ||   164
